 Dungeon Crawl Stone Soup version 0.28.0 (webtiles) character file.

Game seed: 16470694614955125703

1176 bande the Chopper (level 8, -5/49 HPs)
             Began as a Gargoyle Fighter on Feb 6, 2022.
             Slain by an ice beast (9 damage)
             ... on level 6 of the Dungeon.
             The game lasted 00:08:29 (6293 turns).

bande the Chopper (Gargoyle Fighter)                Turns: 6293, Time: 00:08:30

Health: -5/49      AC: 18    Str: 27    XL:     8   Next: 41%
Magic:  8/8        EV: 12    Int:  8    God:
Gold:   122        SH:  5    Dex: 11    Spells: 7/7 levels left

rFire   . . .      SeeInvis .   n - +0 war axe (freeze)
rCold   . . .      Faith    .   c - +0 buckler
rNeg    + . .      Spirit   .   l - +0 chain mail
rPois   ∞          Reflect  .   (no helmet)
rElec   +          Harm     .   k - +0 cloak
rCorr   .          Rampage  .   (no gloves)
Will    .....                   h - +0 pair of boots
Stlth   ..........              (no amulet)
HPRegen 0.16/turn               m - +4 ring of evasion
MPRegen 0.11/turn               u - +6 ring of strength

@: no status effects
A: sickness immunity, AC +5, negative energy resistance 1, electricity
resistance, torment resistance 1, petrification resistance
a: no special abilities


You were on level 6 of the Dungeon.
You visited 2 branches of the dungeon, and saw 7 of its levels.

You collected 122 gold pieces.

Inventory:

Hand Weapons
 a - a +1 war axe
 n - a +0 war axe of freezing (weapon)
 p - a +0 flail
Armour
 c - a +0 buckler (worn)
 h - a +0 pair of boots (worn)
 k - a +0 cloak (worn)
 l - a +0 chain mail (worn)
Jewellery
 d - a ring of magical power
 m - a +4 ring of evasion (left hand)
 q - a ring of wizardry
 u - a +6 ring of strength (right hand)
Wands
 f - a wand of paralysis (13)
Scrolls
 g - 2 scrolls of blinking
 i - a scroll of magic mapping
 r - a scroll of fear
Potions
 b - a potion of haste {unknown}
 e - a potion of invisibility
 j - 3 potions of curing
 o - a potion of cancellation
 t - a potion of flight {unknown}


   Skills:
 + Level 5.1 Fighting
 + Level 6.2 Axes
 + Level 6.1 Armour
 + Level 4.7 Shields
 * Level 1.9 Evocations


You had 7 spell levels left.
You didn't know any spells.
Your spell library contained the following spells:

 Spells                   Type           Power      Damage    Failure   Level
 Slow                     Hex            0%         N/A       97%         1
 Summon Small Mammal      Summ           0%         N/A       97%         1
 Call Canine Familiar     Summ           0%         N/A       100%        3
 Confusing Touch          Hex            0%         N/A       100%        3
 Ignite Poison            Fire/Tmut/Pois 0%         N/A       100%        3
 Mephitic Cloud           Conj/Pois/Air  0%         N/A       100%        3
 Summon Guardian Golem    Hex/Summ       0%         N/A       100%        3
 Vampiric Draining        Necr           0%         2d6       100%        3
 Freezing Cloud           Conj/Ice/Air   0%         6-21      100%        5


Dungeon Overview and Level Annotations

Branches:
Dungeon (6/15)             Temple (1/1) D:5

Altars:
Dithmenos
Elyvilon
Fedhas
Gozag
Hepliaklqana
Kikubaaqudgha
Nemelex Xobeh
Qazlal
Ru
Sif Muna
Trog
Vehumet
Wu Jian
Xom
Zin
The Shining One


Innate Abilities, Weirdness & Mutations

You are immune to sickness and miasma.
Your stone body is resilient. (AC +5)
You are immune to poison.
You resist negative energy. (rN+)
You are resistant to electric shocks. (rElec)
You are resistant to unholy torment.
You are immune to petrification.


Message History

The orc wizard shouts!
You hit the wight but do no damage.
The wight is almost destroyed.
You completely miss the orc. You hit the ufetubus. You freeze the ufetubus.
You hear a shout!
The ufetubus hits you but does no damage.
You block the ufetubus's attack. The orc closely misses you.
The wight misses you.
The ufetubus hits you but does no damage.
The ufetubus barely misses you.
You barely miss the wight.
The wight is almost destroyed.
You closely miss the orc. You hit the ufetubus but do no damage.
You block the wight's attack.
The ufetubus hits you but does no damage.
The ufetubus barely misses you. You block the orc's attack.
The wight barely misses you.
You slash the wight!
You destroy the wight!
You closely miss the ufetubus.
You hit the orc wizard but do no damage.
You closely miss the orc.
The ufetubus hits you but does no damage.
The ufetubus barely misses you.
The ufetubus hits you but does no damage.
The ufetubus barely misses you.
The orc wizard hits you but does no damage.
The orc closely misses you.
You barely miss the ice beast. You hit the ufetubus but do no damage.
You slash the orc wizard! You freeze the orc wizard. You hit the orc.
You freeze the orc.
You kill the orc!
The ufetubus hits you but does no damage.
The ufetubus closely misses you.
The orc wizard hits you with a +0 dagger.
* * * LOW HITPOINT WARNING * * *
The ice beast hits you.
* * * LOW HITPOINT WARNING * * *
The ice beast freezes you!
You die...

...##...##..# #
#..##....'..# #.###..#
#..# ....... #..#
....#######..# ##
#.>##...##.<#
##.###.####)##....#..#
.......)...)......#..#
......Y@oo.)##...##..#
...###5###..##...##..#
#+ #..##.......#
...#........#
....#........#
.##..##.......# .#
#####.......# .o
#....##..# ..
#....##..#


You could see an ice beast, an orc wizard, an orc and an ufetubus.

Vanquished Creatures
  A sky beast (D:3)
  A necrophage (D:5)
  3 ogres
  A scorpion (D:4)
  A water moccasin zombie (D:5)
  4 wights (D:6)
  A jelly (D:6)
  A centaur zombie (D:5)
  An orc priest (D:4)
  Crazy Yiuf (D:4)
  2 hounds (D:5)
  A bullfrog skeleton (D:5)
  A bullfrog zombie (D:5)
  3 orc wizards
  A hound skeleton (D:5)
  4 adders
  A gnoll (D:1)
  A shadow imp (D:5)
  A white imp (D:6)
  2 worms
  3 dart slugs
  8 orcs
  4 bats (D:3)
  14 endoplasms
  A giant cockroach (D:3)
  7 goblins
  2 hobgoblins (D:2)
  3 jackals (D:5)
  3 quokkas
  6 ball pythons
  2 frilled lizards
  7 kobolds
  5 rats
97 creatures vanquished.

Notes
Turn   | Place    | Note
-------+----------+-------------------------------------------
     0 | D:1      | bande the Gargoyle Fighter began the quest for the Orb.
     0 | D:1      | Reached XP level 1. HP: 14/14 MP: 1/1
   323 | D:1      | Reached XP level 2. HP: 19/19 MP: 2/2
   627 | D:1      | Reached XP level 3. HP: 21/23 MP: 3/3
  1455 | D:2      | Reached XP level 4. HP: 26/29 MP: 4/4
  1867 | D:3      | Noticed a sky beast
  1883 | D:3      | Killed a sky beast
  1884 | D:3      | Reached XP level 5. HP: 23/33 MP: 5/5
  2768 | D:4      | Found a radiant altar of Vehumet.
  2768 | D:4      | Noticed an ogre
  2779 | D:4      | Killed an ogre
  2780 | D:4      | Reached XP level 6. HP: 18/38 MP: 6/6
  3411 | D:4      | Found a runed translucent door.
  3412 | D:4      | Noticed Crazy Yiuf
  3725 | D:4      | Killed Crazy Yiuf
  4337 | D:5      | Entered Level 5 of the Dungeon
  4344 | D:5      | Reached skill level 5 in Axes
  4344 | D:5      | Reached XP level 7. HP: 41/44 MP: 7/7
  4656 | D:5      | Reached skill level 5 in Armour
  5125 | D:5      | Found a staircase to the Ecumenical Temple.
  5143 | Temple   | Entered the Ecumenical Temple
  5484 | D:5      | Reached skill level 1 in Evocations
  5772 | D:5      | Reached skill level 5 in Fighting
  5772 | D:5      | Reached XP level 8. HP: 49/49 MP: 8/8
  5874 | D:5      | You fall into a shaft and drop 1 floor!
  6293 | D:6      | Slain by an ice beast

Illustrated notes

Levels and vault maps discovered:
D:1:      heliophobic_arrival_ceremonial_halls, layout_loops_ring
D:2:      layout_basic, serial_glass, glass_columns_c, glass_columns_b
D:3:      layout_basic, minmay_between
D:4:      layout_loops_ring, nicolae_vehumet_altar_sigil,
          uniq_crazy_yiuf_cottage
D:5:      layout_basic, minmay_temple_entry_grid, chequers_decorated_corner
D:6:      hellmonk_ruined_rings, layout_gridville, yredelemnul_altar_generic,
          kennysheep_little_box, eat_drink_and_be_merry_uskayaw,
          kennysheep_doodads
Temple:   regret_index_temple_generic_petals

Skill      XL: |  1  2  3  4  5  6  7  8 |
---------------+-------------------------+-----
Axes           | 2 3 4 5 6 |  6.2
Armour         | 4 5 6 |  6.1
Fighting       | 4 5 |  5.1
Shields        | 4 |  4.7
Evocations     | 1 |  1.9

Action                   |  1- 3 |  4- 6 |  7- 9 || total
-------------------------+-------+-------+-------++-------
Melee: War axe           |    70 |    94 |   118 ||   282
  Use: Scroll            |     5 |     5 |     3 ||    13
       Potion            |       |     2 |       ||     2
Armor: Scale mail        |    29 |    26 |       ||    55
       Chain mail        |       |    20 |    97 ||   117
Dodge: Dodged            |    31 |    23 |    56 ||   110
Block: Buckler           |    15 |    16 |    46 ||    77
